Kings vs Predators

Created - February 27 2011 at 11:24

Goals
1 2 3 T
Kings 1 0 1 2
Predators 2 1 3 6
Shots
1 2 3 T
Kings 9 6 17 32
Predators 10 2 24 36

Period #1

1. Kings , Matt Duchene 18 (Martin Skoula) at 3:52
2. Predators , Wayne Simmonds 3 (Simon Gagne, Colin Fraser) at 11:50 (PP)
3. Predators , Steven Stamkos 19 (Derek Morris) at 17:45

Penalties :
Milan Michalek (NSH) for Hooking (Minor) at 0:52, Brent Burns (NSH) for Slashing (Minor) at 4:46, Michael Del Zotto (LOS) for Hooking (Minor) at 9:36, Craig Conroy (LOS) for Hooking (Minor) at 11:24, Zbynek Michalek (NSH) for Slashing (Minor) at 13:38

Period #2

4. Predators , Marian Gaborik 37 (Scottie Upshall, Jeff Carter) at 0:38

Penalties :
Braydon Coburn (NSH) for Hooking (Minor) at 0:45, Braydon Coburn (NSH) for Hooking (Minor) at 3:05, Craig Conroy (LOS) for Hooking (Minor) at 3:05, Nicklas Backstrom (NSH) for Hooking (Minor) at 7:45, Bryan Allen (LOS) for Hooking (Minor) at 9:04, Scottie Upshall (NSH) for Hooking (Minor) at 18:29

Period #3

5. Kings , Martin Skoula 7 (Matt Duchene, Jamie McBain) at 6:12 (PP)
6. Predators , Simon Gagne 26 (Tomas Kaberle, Nicklas Backstrom) at 10:25 (PP)
7. Predators , Jeff Carter 35 (Marian Gaborik) at 17:42
8. Predators , Marian Gaborik 38 (Tomas Kaberle, Nicklas Backstrom) at 18:58 (PP)

Penalties :
Zbynek Michalek (NSH) for High sticking (Minor) at 1:45, Wayne Simmonds (NSH) for Holding (Minor) at 6:01, Braydon Coburn (NSH) for Roughing (Minor) at 6:08, Michael Del Zotto (LOS) for Roughing (Minor) at 9:17, Craig Adams (LOS) for Holding (Minor) at 18:50, Michael Del Zotto (LOS) for Holding (Minor) at 19:55

Goalie Stats

Ondrej Pavelec (LOS), 3 saves from 3 shots - (1.000), 1:02 minutes
Nikolai Khabibulin (LOS), 27 saves from 33 shots - (0.818), L, 15-32-1, 58:58 minutes
Pekka Rinne (NSH), 30 saves from 32 shots - (0.938), W, 44-17-3, 60:00 minutes

Players Stats

Kings
Player Name              G  A  P  +/- PIM S  H  SB FO    MP 
------------------------------------------------------------
Bryan Allen              0  0  0  -1  2   0  5  0  0/0   20 
Cory Sarich              0  0  0   1  0   0  2  1  0/0   7  
Craig Adams              0  0  0  -2  2   2  4  0  4/8   21 
Craig Conroy             0  0  0   0  4   1  0  0  2/3   7  
Darroll Powe             0  0  0  -1  0   3  4  0  10/30 18 
Ethan Moreau             0  0  0  -1  0   1  0  0  1/2   18 
Evgeny Artyukhin         0  0  0   0  0   0  0  0  0/0   14 
Jamie McBain             0  1  1  -2  0   2  1  1  0/0   18 
Jay Pandolfo             0  0  0   1  0   1  0  1  0/0   11 
Kent Huskins             0  0  0  -2  0   1  0  2  0/1   20 
Martin Skoula            1  1  2   0  0   2  0  1  0/0   22 
Matt Duchene             1  1  2   0  0   4  0  1  16/30 24 
Michael Del Zotto        0  0  0   0  6   1  1  1  0/0   17 
Michael Frolik           0  0  0  -1  0   5  1  0  1/5   16 
Mike Lundin              0  0  0   0  0   0  0  1  0/0   15 
Ruslan Fedotenko         0  0  0  -1  0   4  0  0  0/1   18 
Sean Bergenheim          0  0  0  -2  0   5  2  0  1/5   20 
Sergei Samsonov          0  0  0   1  0   0  0  0  2/8   7  
Predators
Player Name              G  A  P  +/- PIM S  H  SB FO    MP 
------------------------------------------------------------
Braydon Coburn           0  0  0   0  6   0  3  2  0/0   18 
Brent Burns              0  0  0   2  2   1  1  2  0/0   18 
Colin Fraser             0  1  1   0  0   0  0  0  13/22 13 
Derek Morris             0  1  1   0  0   0  0  1  0/0   18 
Eric Nystrom             0  0  0   0  0   0  1  0  0/0   6  
Jeff Carter              1  1  2   2  0   2  0  1  15/25 19 
Marian Gaborik           2  1  3   2  0   6  1  0  1/2   12 
Milan Michalek           0  0  0   0  2   1  0  0  0/1   14 
Nicklas Backstrom        0  2  2   0  2   6  2  1  17/21 18 
Patric Hornqvist         0  0  0   0  0   3  1  0  0/0   12 
Patrik Elias             0  0  0   0  0   2  0  0  1/1   16 
Scottie Upshall          0  1  1   2  2   2  1  0  1/1   9  
Shea Weber               0  0  0   2  0   2  2  1  0/0   23 
Simon Gagne              1  1  2   0  0   3  1  1  0/2   19 
Steven Stamkos           1  0  1   0  0   4  2  0  8/17  14 
Tomas Kaberle            0  2  2   0  0   3  0  0  0/0   21 
Wayne Simmonds           1  0  1   0  2   1  0  0  0/1   13 
Zbynek Michalek          0  0  0   0  4   0  4  2  0/0   18 

3 Stars

1 - Marian Gaborik (NSH)
2 - Jeff Carter (NSH)
3 - Simon Gagne (NSH)

Power Play

Kings - 1 on 9 Attempt(s) - 11.11%
Predators - 3 on 6 Attempt(s) - 50.00%

Penalty Kill

Kings - 3 on 6 Attempt(s) - 50.00% - Score 0 goal in Penalty Kill
Predators - 8 on 9 Attempt(s) - 88.89% - Score 0 goal in Penalty Kill

Game Notes

Craig Conroy is injured at 11:34 of 2nd period (Sprained Right Knee)
Ondrej Pavelec enters game at 18:58 of 3rd period

Finance

Level 1 -- Attendance: 5984 (92.06%) -- Ticket Income $478,720.00
Level 2 -- Attendance: 5000 (100.00%) -- Ticket Income $260,000.00
Level 3 -- Attendance: 3384 (96.69%) -- Ticket Income $101,520.00
Level 4 -- Attendance: 1113 (100.00%) -- Ticket Income $22,260.00
Luxury Box -- Attendance: 1000 (100.00%) -- Ticket Income $135,000.00
Game was played at the Sommet Center
Total Attendance: 16481 (96.31%)
Total Ticket Income: $1,079,126.00
Other Income: $204,274.50
Total Income: $1,283,401.00


Play by Play

Period #1

0:01 of 1st period - Scottie Upshall wins face-off versus Michael Frolik in neutral zone.
0:24 of 1st period - Shot by Scottie Upshall.
0:24 of 1st period - Stopped by Nikolai Khabibulin without a rebound.
0:25 of 1st period - Nicklas Backstrom wins face-off versus Darroll Powe in Kings zone.
0:28 of 1st period - Shot by Patrik Elias.
0:28 of 1st period - Stopped by Nikolai Khabibulin with a rebound.
0:52 of 1st period - Minor Penalty to Milan Michalek for Hooking.
0:53 of 1st period - Colin Fraser wins face-off versus Matt Duchene in Predators zone.
1:22 of 1st period - Shot by Jamie McBain.
1:22 of 1st period - Stopped by Pekka Rinne without a rebound.
1:23 of 1st period - Jeff Carter wins face-off versus Darroll Powe in Predators zone.
2:18 of 1st period - Shot by Sean Bergenheim.
2:18 of 1st period - Deflect By Matt Duchene.
2:18 of 1st period - Stopped by Pekka Rinne without a rebound.
2:19 of 1st period - Matt Duchene wins face-off versus Colin Fraser in Predators zone.
2:41 of 1st period - Off-side.
2:42 of 1st period - Darroll Powe wins face-off versus Colin Fraser in neutral zone.
3:19 of 1st period - Shot by Ruslan Fedotenko.
3:19 of 1st period - Shot Misses the Net.
3:30 of 1st period - Ruslan Fedotenko is hit by Brent Burns and loses puck.
3:52 of 1st period - Shot by Matt Duchene.
3:52 of 1st period - Goal by Matt Duchene - Kings : 1 - Predators : 0.
3:53 of 1st period - Darroll Powe wins face-off versus Steven Stamkos in neutral zone.
4:14 of 1st period - Shot by Ethan Moreau.
4:14 of 1st period - Shot Misses the Net.
4:24 of 1st period - Shot by Patric Hornqvist.
4:24 of 1st period - Stopped by Nikolai Khabibulin without a rebound.
4:25 of 1st period - Sergei Samsonov wins face-off versus Jeff Carter in Kings zone.
4:25 of 1st period - Sergei Samsonov is hit by Scottie Upshall.
4:46 of 1st period - Minor Penalty to Brent Burns for Slashing.
4:47 of 1st period - Jeff Carter wins face-off versus Matt Duchene in Predators zone.
5:08 of 1st period - Shot by Bryan Allen.
5:08 of 1st period - Shot Blocked by Zbynek Michalek.
6:27 of 1st period - Shot by Ruslan Fedotenko.
6:27 of 1st period - Stopped by Pekka Rinne without a rebound.
6:28 of 1st period - Ethan Moreau wins face-off versus Jeff Carter in Predators zone.
6:45 of 1st period - Shot by Craig Adams.
6:45 of 1st period - Stopped by Pekka Rinne without a rebound.
6:46 of 1st period - Nicklas Backstrom wins face-off versus Ruslan Fedotenko in Predators zone.
7:51 of 1st period - Shot by Matt Duchene.
7:51 of 1st period - Shot Blocked by Brent Burns.
8:35 of 1st period - Off-side.
8:36 of 1st period - Darroll Powe wins face-off versus Steven Stamkos in neutral zone.
9:36 of 1st period - Minor Penalty to Michael Del Zotto for Hooking.
9:37 of 1st period - Jeff Carter wins face-off versus Matt Duchene in Kings zone.
9:52 of 1st period - Shot by Patrik Elias.
9:52 of 1st period - Shot Misses the Net.
9:54 of 1st period - Shot by Jeff Carter.
9:54 of 1st period - Shot Blocked by Matt Duchene.
9:56 of 1st period - Shot by Milan Michalek.
9:56 of 1st period - Stopped by Nikolai Khabibulin without a rebound.
9:57 of 1st period - Craig Adams wins face-off versus Nicklas Backstrom in Kings zone.
10:48 of 1st period - Michael Frolik is hit by Marian Gaborik and loses puck.
11:17 of 1st period - Mike Lundin is hit by Nicklas Backstrom.
11:24 of 1st period - Minor Penalty to Craig Conroy for Hooking.
11:25 of 1st period - Colin Fraser wins face-off versus Matt Duchene in Kings zone.
11:50 of 1st period - Shot by Wayne Simmonds.
11:50 of 1st period - Goal by Wayne Simmonds - Kings : 1 - Predators : 1.
11:51 of 1st period - Craig Conroy wins face-off versus Steven Stamkos in neutral zone.
12:12 of 1st period - Shot by Steven Stamkos.
12:12 of 1st period - Shot Misses the Net.
12:14 of 1st period - Shot by Patric Hornqvist.
12:14 of 1st period - Stopped by Nikolai Khabibulin without a rebound.
12:15 of 1st period - Nicklas Backstrom wins face-off versus Sergei Samsonov in Kings zone.
12:15 of 1st period - Patrik Elias is hit by Cory Sarich and loses puck.
12:22 of 1st period - Shot by Matt Duchene.
12:22 of 1st period - Stopped by Pekka Rinne without a rebound.
12:23 of 1st period - Colin Fraser wins face-off versus Darroll Powe in Predators zone.
12:44 of 1st period - Shot by Craig Adams.
12:44 of 1st period - Shot Misses the Net.
12:56 of 1st period - Shot by Ethan Moreau.
12:56 of 1st period - Shot Misses the Net.
13:14 of 1st period - Shot by Matt Duchene.
13:14 of 1st period - Shot Misses the Net.
13:16 of 1st period - Shot by Martin Skoula.
13:16 of 1st period - Shot Misses the Net.
13:20 of 1st period - Shot by Matt Duchene.
13:20 of 1st period - Shot Blocked by Brent Burns.
13:22 of 1st period - Shot by Jay Pandolfo.
13:22 of 1st period - Stopped by Pekka Rinne without a rebound.
13:23 of 1st period - Craig Conroy wins face-off versus Nicklas Backstrom in Predators zone.
13:32 of 1st period - Shot by Craig Conroy.
13:32 of 1st period - Stopped by Pekka Rinne without a rebound.
13:33 of 1st period - Matt Duchene wins face-off versus Steven Stamkos in Predators zone.
13:37 of 1st period - Michael Frolik is hit by Zbynek Michalek and loses puck.
13:38 of 1st period - Minor Penalty to Zbynek Michalek for Slashing.
13:39 of 1st period - Jeff Carter wins face-off versus Matt Duchene in Predators zone.
13:55 of 1st period - Icing by Martin Skoula.
13:56 of 1st period - Matt Duchene wins face-off versus Jeff Carter in Kings zone.
14:34 of 1st period - Shot by Craig Adams.
14:34 of 1st period - Deflect By Darroll Powe.
14:34 of 1st period - Shot Blocked by Braydon Coburn.
14:36 of 1st period - Shot by Bryan Allen.
14:36 of 1st period - Shot Misses the Net.
14:40 of 1st period - Shot by Kent Huskins.
14:40 of 1st period - Shot Misses the Net.
14:48 of 1st period - Shot by Craig Adams.
14:48 of 1st period - Shot Misses the Net.
15:26 of 1st period - Shot by Sean Bergenheim.
15:26 of 1st period - Stopped by Pekka Rinne without a rebound.
15:27 of 1st period - Colin Fraser wins face-off versus Darroll Powe in Predators zone.
15:36 of 1st period - Derek Morris is hit by Craig Adams and loses puck.
17:09 of 1st period - Shot by Nicklas Backstrom.
17:09 of 1st period - Deflect By Patrik Elias.
17:09 of 1st period - Shot Misses the Net.
17:45 of 1st period - Shot by Steven Stamkos.
17:45 of 1st period - Goal by Steven Stamkos - Kings : 1 - Predators : 2.
17:46 of 1st period - Jeff Carter wins face-off versus Matt Duchene in neutral zone.
17:55 of 1st period - Shot by Michael Frolik.
17:55 of 1st period - Shot Misses the Net.
18:03 of 1st period - Shot by Marian Gaborik.
18:03 of 1st period - Stopped by Nikolai Khabibulin with a rebound.
18:37 of 1st period - Shea Weber is hit by Craig Adams and loses puck.
18:44 of 1st period - Shot by Bryan Allen.
18:44 of 1st period - Shot Misses the Net.
18:49 of 1st period - Ethan Moreau is hit by Shea Weber and loses puck.
18:55 of 1st period - Icing by Shea Weber.
18:56 of 1st period - Sergei Samsonov wins face-off versus Jeff Carter in Predators zone.
19:15 of 1st period - Shot by Sergei Samsonov.
19:15 of 1st period - Shot Misses the Net.
19:21 of 1st period - Jay Pandolfo is hit by Simon Gagne and loses puck.
19:26 of 1st period - Shot by Steven Stamkos.
19:26 of 1st period - Stopped by Nikolai Khabibulin with a rebound.
19:30 of 1st period - Shot by Steven Stamkos.
19:30 of 1st period - Deflect By Patric Hornqvist.
19:30 of 1st period - Shot Misses the Net.
19:34 of 1st period - Shot by Steven Stamkos.
19:34 of 1st period - Shot Blocked by Cory Sarich.
19:38 of 1st period - Shot by Steven Stamkos.
19:38 of 1st period - Stopped by Nikolai Khabibulin without a rebound.
19:39 of 1st period - Nicklas Backstrom wins face-off versus Darroll Powe in Kings zone.
19:43 of 1st period - Patrik Elias is hit by Bryan Allen and loses puck.

Period #2

0:01 of 2nd period - Matt Duchene wins face-off versus Jeff Carter in neutral zone.
0:30 of 2nd period - Shot by Jeff Carter.
0:30 of 2nd period - Shot Misses the Net.
0:32 of 2nd period - Shot by Jeff Carter.
0:32 of 2nd period - Shot Misses the Net.
0:34 of 2nd period - Shot by Scottie Upshall.
0:34 of 2nd period - Deflect By Jeff Carter.
0:34 of 2nd period - Shot Hit the Post.
0:36 of 2nd period - Shot by Jeff Carter.
0:36 of 2nd period - Deflect By Scottie Upshall.
0:36 of 2nd period - Shot Blocked by Martin Skoula.
0:38 of 2nd period - Shot by Marian Gaborik.
0:38 of 2nd period - Goal by Marian Gaborik - Kings : 1 - Predators : 3.
0:39 of 2nd period - Darroll Powe wins face-off versus Milan Michalek in neutral zone.
0:45 of 2nd period - Minor Penalty to Braydon Coburn for Hooking.
0:46 of 2nd period - Darroll Powe wins face-off versus Colin Fraser in Predators zone.
1:52 of 2nd period - Michael Frolik is hit by Shea Weber and loses puck.
2:13 of 2nd period - Shot by Bryan Allen.
2:13 of 2nd period - Shot Misses the Net.
2:17 of 2nd period - Shot by Darroll Powe.
2:17 of 2nd period - Stopped by Pekka Rinne without a rebound.
2:18 of 2nd period - Matt Duchene wins face-off versus Jeff Carter in Predators zone.
2:39 of 2nd period - Shot by Sean Bergenheim.
2:39 of 2nd period - Deflect By Matt Duchene.
2:39 of 2nd period - Stopped by Pekka Rinne without a rebound.
2:40 of 2nd period - Nicklas Backstrom wins face-off versus Ethan Moreau in Predators zone.
2:40 of 2nd period - Nicklas Backstrom is hit by Darroll Powe.
3:05 of 2nd period - Minor Penalty to Braydon Coburn for Hooking.
3:05 of 2nd period - Minor Penalty to Craig Conroy for Hooking.
3:06 of 2nd period - Craig Adams wins face-off versus Nicklas Backstrom in Predators zone.
3:20 of 2nd period - Shot by Ruslan Fedotenko.
3:20 of 2nd period - Shot Misses the Net.
4:42 of 2nd period - Bryan Allen is hit by Steven Stamkos and loses puck.
5:04 of 2nd period - Icing by Scottie Upshall.
5:05 of 2nd period - Jeff Carter wins face-off versus Craig Conroy in Predators zone.
5:18 of 2nd period - Shot by Patric Hornqvist.
5:18 of 2nd period - Shot Hit the Post.
5:28 of 2nd period - Shot by Michael Frolik.
5:28 of 2nd period - Shot Blocked by Zbynek Michalek.
5:56 of 2nd period - Jay Pandolfo is hit by Patric Hornqvist and loses puck.
6:11 of 2nd period - Shot by Matt Duchene.
6:11 of 2nd period - Shot Misses the Net.
6:39 of 2nd period - Jamie McBain is hit by Zbynek Michalek and loses puck.
6:48 of 2nd period - Shot by Darroll Powe.
6:48 of 2nd period - Deflect By Ethan Moreau.
6:48 of 2nd period - Shot Misses the Net.
6:50 of 2nd period - Shot by Kent Huskins.
6:50 of 2nd period - Stopped by Pekka Rinne with a rebound.
7:45 of 2nd period - Minor Penalty to Nicklas Backstrom for Hooking.
7:46 of 2nd period - Colin Fraser wins face-off versus Darroll Powe in Predators zone.
8:15 of 2nd period - Shot by Craig Adams.
8:15 of 2nd period - Stopped by Pekka Rinne with a rebound.
8:25 of 2nd period - Colin Fraser is hit by Sean Bergenheim and loses puck.
9:04 of 2nd period - Minor Penalty to Bryan Allen for Hooking.
9:05 of 2nd period - Craig Adams wins face-off versus Marian Gaborik in Kings zone.
10:29 of 2nd period - Icing by Tomas Kaberle.
10:30 of 2nd period - Nicklas Backstrom wins face-off versus Michael Frolik in Predators zone.
10:39 of 2nd period - Shot by Marian Gaborik.
10:39 of 2nd period - Shot Misses the Net.
11:29 of 2nd period - Jay Pandolfo is hit by Braydon Coburn and loses puck.
11:33 of 2nd period - Craig Conroy is hit by Zbynek Michalek and loses puck.
11:34 of 2nd period - Craig Conroy from Kings is injured at 11:34 of 2nd period (Sprained Right Knee).
11:35 of 2nd period - Steven Stamkos wins face-off versus Matt Duchene in Predators zone.
12:26 of 2nd period - Icing by Darroll Powe.
12:27 of 2nd period - Nicklas Backstrom wins face-off versus Darroll Powe in Kings zone.
12:45 of 2nd period - Craig Adams is hit by Braydon Coburn and loses puck.
13:23 of 2nd period - Shot by Matt Duchene.
13:23 of 2nd period - Deflect By Sean Bergenheim.
13:23 of 2nd period - Shot Misses the Net.
13:25 of 2nd period - Shot by Martin Skoula.
13:25 of 2nd period - Deflect By Sean Bergenheim.
13:25 of 2nd period - Stopped by Pekka Rinne without a rebound.
13:26 of 2nd period - Darroll Powe wins face-off versus Steven Stamkos in Predators zone.
15:03 of 2nd period - Shot by Patrik Elias.
15:03 of 2nd period - Stopped by Nikolai Khabibulin without a rebound.
15:04 of 2nd period - Jeff Carter wins face-off versus Sean Bergenheim in Kings zone.
15:04 of 2nd period - Jeff Carter is hit by Bryan Allen.
15:30 of 2nd period - Shot by Ethan Moreau.
15:30 of 2nd period - Shot Blocked by Braydon Coburn.
15:32 of 2nd period - Shot by Sean Bergenheim.
15:32 of 2nd period - Shot Misses the Net.
15:36 of 2nd period - Shot by Sean Bergenheim.
15:36 of 2nd period - Stopped by Pekka Rinne without a rebound.
15:37 of 2nd period - Steven Stamkos wins face-off versus Michael Frolik in Predators zone.
15:37 of 2nd period - Steven Stamkos is hit by Michael Frolik.
15:40 of 2nd period - Icing by Zbynek Michalek.
15:41 of 2nd period - Steven Stamkos wins face-off versus Darroll Powe in Predators zone.
15:54 of 2nd period - Icing by Martin Skoula.
15:55 of 2nd period - Nicklas Backstrom wins face-off versus Darroll Powe in Kings zone.
16:09 of 2nd period - Icing by Braydon Coburn.
16:10 of 2nd period - Nicklas Backstrom wins face-off versus Craig Adams in Predators zone.
17:24 of 2nd period - Shot by Steven Stamkos.
17:24 of 2nd period - Shot Misses the Net.
18:29 of 2nd period - Minor Penalty to Scottie Upshall for Hooking.
18:30 of 2nd period - Jeff Carter wins face-off versus Kent Huskins in Predators zone.
18:55 of 2nd period - Shot by Kent Huskins.
18:55 of 2nd period - Shot Misses the Net.
18:59 of 2nd period - Shot by Sean Bergenheim.
18:59 of 2nd period - Shot Misses the Net.

Period #3

0:01 of 3rd period - Matt Duchene wins face-off versus Jeff Carter in neutral zone.
0:08 of 3rd period - Shot by Martin Skoula.
0:08 of 3rd period - Shot Blocked by Jeff Carter.
0:10 of 3rd period - Shot by Martin Skoula.
0:10 of 3rd period - Stopped by Pekka Rinne without a rebound.
0:11 of 3rd period - Darroll Powe wins face-off versus Colin Fraser in Predators zone.
1:31 of 3rd period - Shot by Shea Weber.
1:31 of 3rd period - Stopped by Nikolai Khabibulin with a rebound.
1:33 of 3rd period - Shot by Shea Weber.
1:33 of 3rd period - Stopped by Nikolai Khabibulin without a rebound.
1:34 of 3rd period - Steven Stamkos wins face-off versus Darroll Powe in Kings zone.
1:37 of 3rd period - Shot by Steven Stamkos.
1:37 of 3rd period - Shot Misses the Net.
1:44 of 3rd period - Ethan Moreau is hit by Zbynek Michalek and loses puck.
1:45 of 3rd period - Minor Penalty to Zbynek Michalek for High sticking.
1:46 of 3rd period - Colin Fraser wins face-off versus Darroll Powe in Predators zone.
1:46 of 3rd period - Colin Fraser is hit by Darroll Powe.
2:07 of 3rd period - Icing by Darroll Powe.
2:08 of 3rd period - Colin Fraser wins face-off versus Darroll Powe in Kings zone.
2:36 of 3rd period - Off-side.
2:37 of 3rd period - Jeff Carter wins face-off versus Matt Duchene in neutral zone.
4:09 of 3rd period - Shot by Steven Stamkos.
4:09 of 3rd period - Stopped by Nikolai Khabibulin with a rebound.
4:13 of 3rd period - Shot by Steven Stamkos.
4:13 of 3rd period - Shot Blocked by Jay Pandolfo.
4:43 of 3rd period - Shot by Scottie Upshall.
4:43 of 3rd period - Stopped by Nikolai Khabibulin with a rebound.
5:03 of 3rd period - Shot by Tomas Kaberle.
5:03 of 3rd period - Stopped by Nikolai Khabibulin with a rebound.
5:07 of 3rd period - Shot by Patrik Elias.
5:07 of 3rd period - Shot Blocked by Mike Lundin.
5:11 of 3rd period - Shot by Nicklas Backstrom.
5:11 of 3rd period - Shot Blocked by Michael Del Zotto.
5:15 of 3rd period - Shot by Nicklas Backstrom.
5:15 of 3rd period - Shot Hit the Post.
5:19 of 3rd period - Shot by Nicklas Backstrom.
5:19 of 3rd period - Stopped by Nikolai Khabibulin without a rebound.
5:20 of 3rd period - Matt Duchene wins face-off versus Colin Fraser in Kings zone.
5:38 of 3rd period - Icing by Wayne Simmonds.
5:39 of 3rd period - Colin Fraser wins face-off versus Darroll Powe in Predators zone.
5:39 of 3rd period - Tomas Kaberle is hit by Darroll Powe.
5:42 of 3rd period - Brent Burns is hit by Bryan Allen and loses puck.
6:01 of 3rd period - Minor Penalty to Wayne Simmonds for Holding.
6:02 of 3rd period - Matt Duchene wins face-off versus Jeff Carter in Predators zone.
6:08 of 3rd period - Minor Penalty to Braydon Coburn for Roughing.
6:09 of 3rd period - Matt Duchene wins face-off versus Simon Gagne in Predators zone.
6:10 of 3rd period - Shot by Jamie McBain.
6:10 of 3rd period - Deflect By Matt Duchene.
6:10 of 3rd period - Shot Blocked by Derek Morris.
6:12 of 3rd period - Shot by Martin Skoula.
6:12 of 3rd period - Goal by Martin Skoula - Kings : 2 - Predators : 3.
6:13 of 3rd period - Darroll Powe wins face-off versus Jeff Carter in neutral zone.
6:20 of 3rd period - Shot by Ethan Moreau.
6:20 of 3rd period - Shot Misses the Net.
6:22 of 3rd period - Shot by Bryan Allen.
6:22 of 3rd period - Shot Misses the Net.
6:28 of 3rd period - Shot by Ethan Moreau.
6:28 of 3rd period - Shot Misses the Net.
6:30 of 3rd period - Shot by Bryan Allen.
6:30 of 3rd period - Shot Misses the Net.
6:32 of 3rd period - Shot by Darroll Powe.
6:32 of 3rd period - Stopped by Pekka Rinne without a rebound.
6:33 of 3rd period - Colin Fraser wins face-off versus Matt Duchene in Predators zone.
6:33 of 3rd period - Colin Fraser is hit by Sean Bergenheim.
6:59 of 3rd period - Shot by Matt Duchene.
6:59 of 3rd period - Shot Blocked by Simon Gagne.
7:01 of 3rd period - Shot by Sean Bergenheim.
7:01 of 3rd period - Stopped by Pekka Rinne without a rebound.
7:02 of 3rd period - Darroll Powe wins face-off versus Simon Gagne in Predators zone.
7:27 of 3rd period - Shot by Darroll Powe.
7:27 of 3rd period - Stopped by Pekka Rinne without a rebound.
7:28 of 3rd period - Matt Duchene wins face-off versus Colin Fraser in Predators zone.
7:29 of 3rd period - Shot by Michael Frolik.
7:29 of 3rd period - Stopped by Pekka Rinne without a rebound.
7:30 of 3rd period - Matt Duchene wins face-off versus Colin Fraser in Predators zone.
7:33 of 3rd period - Shot by Michael Frolik.
7:33 of 3rd period - Stopped by Pekka Rinne without a rebound.
7:34 of 3rd period - Matt Duchene wins face-off versus Colin Fraser in Predators zone.
7:45 of 3rd period - Shot by Jamie McBain.
7:45 of 3rd period - Stopped by Pekka Rinne without a rebound.
7:46 of 3rd period - Darroll Powe wins face-off versus Jeff Carter in Predators zone.
7:47 of 3rd period - Shot by Ethan Moreau.
7:47 of 3rd period - Stopped by Pekka Rinne without a rebound.
7:48 of 3rd period - Colin Fraser wins face-off versus Darroll Powe in Predators zone.
8:27 of 3rd period - Shot by Michael Del Zotto.
8:27 of 3rd period - Shot Misses the Net.
8:29 of 3rd period - Shot by Mike Lundin.
8:29 of 3rd period - Shot Blocked by Nicklas Backstrom.
8:31 of 3rd period - Shot by Mike Lundin.
8:31 of 3rd period - Shot Misses the Net.
8:41 of 3rd period - Shot by Ruslan Fedotenko.
8:41 of 3rd period - Stopped by Pekka Rinne without a rebound.
8:42 of 3rd period - Matt Duchene wins face-off versus Steven Stamkos in Predators zone.
8:43 of 3rd period - Shot by Michael Frolik.
8:43 of 3rd period - Stopped by Pekka Rinne without a rebound.
8:44 of 3rd period - Matt Duchene wins face-off versus Steven Stamkos in Predators zone.
8:53 of 3rd period - Shot by Michael Frolik.
8:53 of 3rd period - Deflect By Sean Bergenheim.
8:53 of 3rd period - Stopped by Pekka Rinne without a rebound.
8:54 of 3rd period - Jeff Carter wins face-off versus Darroll Powe in Predators zone.
8:54 of 3rd period - Jeff Carter is hit by Craig Adams.
8:59 of 3rd period - Marian Gaborik is hit by Craig Adams.
9:02 of 3rd period - Jeff Carter is hit by Bryan Allen and loses puck.
9:06 of 3rd period - Icing by Craig Adams.
9:07 of 3rd period - Steven Stamkos wins face-off versus Darroll Powe in Kings zone.
9:08 of 3rd period - Shot by Patric Hornqvist.
9:08 of 3rd period - Stopped by Nikolai Khabibulin without a rebound.
9:09 of 3rd period - Steven Stamkos wins face-off versus Matt Duchene in Kings zone.
9:17 of 3rd period - Minor Penalty to Michael Del Zotto for Roughing.
9:18 of 3rd period - Jeff Carter wins face-off versus Craig Adams in Kings zone.
9:43 of 3rd period - Shot by Patrik Elias.
9:43 of 3rd period - Shot Misses the Net.
9:45 of 3rd period - Shot by Steven Stamkos.
9:45 of 3rd period - Shot Misses the Net.
9:47 of 3rd period - Shot by Brent Burns.
9:47 of 3rd period - Shot Blocked by Jamie McBain.
9:51 of 3rd period - Shot by Brent Burns.
9:51 of 3rd period - Stopped by Nikolai Khabibulin without a rebound.
9:52 of 3rd period - Nicklas Backstrom wins face-off versus Craig Adams in Kings zone.
10:23 of 3rd period - Shot by Tomas Kaberle.
10:23 of 3rd period - Stopped by Nikolai Khabibulin with a rebound.
10:25 of 3rd period - Shot by Simon Gagne.
10:25 of 3rd period - Goal by Simon Gagne - Kings : 2 - Predators : 4.
10:26 of 3rd period - Sean Bergenheim wins face-off versus Colin Fraser in neutral zone.
10:26 of 3rd period - Sean Bergenheim is hit by Eric Nystrom.
10:32 of 3rd period - Shot by Evgeny Artyukhin.
10:32 of 3rd period - Shot Blocked by Shea Weber.
10:41 of 3rd period - Shea Weber is hit by Michael Del Zotto and loses puck.
11:28 of 3rd period - Icing by Jay Pandolfo.
11:29 of 3rd period - Nicklas Backstrom wins face-off versus Sergei Samsonov in Kings zone.
11:29 of 3rd period - Patrik Elias is hit by Cory Sarich and loses puck.
12:48 of 3rd period - Shot by Steven Stamkos.
12:48 of 3rd period - Deflect By Simon Gagne.
12:48 of 3rd period - Stopped by Nikolai Khabibulin with a rebound.
13:00 of 3rd period - Zbynek Michalek is hit by Darroll Powe and loses puck.
13:21 of 3rd period - Shot by Evgeny Artyukhin.
13:21 of 3rd period - Shot Misses the Net.
13:25 of 3rd period - Shot by Ruslan Fedotenko.
13:25 of 3rd period - Shot Misses the Net.
13:29 of 3rd period - Shot by Michael Del Zotto.
13:29 of 3rd period - Stopped by Pekka Rinne without a rebound.
13:30 of 3rd period - Michael Frolik wins face-off versus Wayne Simmonds in Predators zone.
13:33 of 3rd period - Shot by Michael Frolik.
13:33 of 3rd period - Stopped by Pekka Rinne without a rebound.
13:34 of 3rd period - Matt Duchene wins face-off versus Nicklas Backstrom in Predators zone.
13:36 of 3rd period - Michael Frolik is hit by Braydon Coburn and loses puck.
14:08 of 3rd period - Sean Bergenheim is hit by Nicklas Backstrom.
14:26 of 3rd period - Shot by Scottie Upshall.
14:26 of 3rd period - Shot Misses the Net.
14:29 of 3rd period - Icing by Michael Frolik.
14:30 of 3rd period - Colin Fraser wins face-off versus Matt Duchene in Kings zone.
15:03 of 3rd period - Shot by Wayne Simmonds.
15:03 of 3rd period - Shot Blocked by Kent Huskins.
15:06 of 3rd period - Icing by Ethan Moreau.
15:07 of 3rd period - Nicklas Backstrom wins face-off versus Darroll Powe in Kings zone.
15:14 of 3rd period - Shot by Patrik Elias.
15:14 of 3rd period - Deflect By Nicklas Backstrom.
15:14 of 3rd period - Stopped by Nikolai Khabibulin without a rebound.
15:15 of 3rd period - Craig Adams wins face-off versus Steven Stamkos in Kings zone.
15:42 of 3rd period - Shot by Ruslan Fedotenko.
15:42 of 3rd period - Shot Misses the Net.
15:44 of 3rd period - Shot by Ruslan Fedotenko.
15:44 of 3rd period - Stopped by Pekka Rinne with a rebound.
16:16 of 3rd period - Shot by Nicklas Backstrom.
16:16 of 3rd period - Stopped by Nikolai Khabibulin without a rebound.
16:17 of 3rd period - Marian Gaborik wins face-off versus Darroll Powe in Kings zone.
16:47 of 3rd period - Shot by Marian Gaborik.
16:47 of 3rd period - Stopped by Nikolai Khabibulin without a rebound.
16:48 of 3rd period - Nicklas Backstrom wins face-off versus Darroll Powe in Kings zone.
17:07 of 3rd period - Shot by Nicklas Backstrom.
17:07 of 3rd period - Stopped by Nikolai Khabibulin with a rebound.
17:09 of 3rd period - Shot by Nicklas Backstrom.
17:09 of 3rd period - Stopped by Nikolai Khabibulin with a rebound.
17:19 of 3rd period - Shot by Tomas Kaberle.
17:19 of 3rd period - Stopped by Nikolai Khabibulin without a rebound.
17:20 of 3rd period - Jeff Carter wins face-off versus Michael Frolik in Kings zone.
17:21 of 3rd period - Shot by Marian Gaborik.
17:21 of 3rd period - Stopped by Nikolai Khabibulin without a rebound.
17:22 of 3rd period - Steven Stamkos wins face-off versus Matt Duchene in Kings zone.
17:22 of 3rd period - Steven Stamkos is hit by Jamie McBain.
17:32 of 3rd period - Shot by Michael Frolik.
17:32 of 3rd period - Stopped by Pekka Rinne without a rebound.
17:33 of 3rd period - Jeff Carter wins face-off versus Sean Bergenheim in Predators zone.
17:42 of 3rd period - Shot by Jeff Carter.
17:42 of 3rd period - Goal by Jeff Carter - Kings : 2 - Predators : 5.
17:43 of 3rd period - Matt Duchene wins face-off versus Steven Stamkos in neutral zone.
17:47 of 3rd period - Mike Lundin is hit by Steven Stamkos and loses puck.
18:10 of 3rd period - Shot by Ruslan Fedotenko.
18:10 of 3rd period - Stopped by Pekka Rinne without a rebound.
18:11 of 3rd period - Jeff Carter wins face-off versus Sergei Samsonov in Predators zone.
18:13 of 3rd period - Icing by Marian Gaborik.
18:14 of 3rd period - Jeff Carter wins face-off versus Sergei Samsonov in Predators zone.
18:21 of 3rd period - Shot by Jeff Carter.
18:21 of 3rd period - Stopped by Nikolai Khabibulin without a rebound.
18:22 of 3rd period - Patrik Elias wins face-off versus Darroll Powe in Kings zone.
18:24 of 3rd period - Nicklas Backstrom is hit by Bryan Allen and loses puck.
18:33 of 3rd period - Shot by Nicklas Backstrom.
18:33 of 3rd period - Shot Blocked by Kent Huskins.
18:50 of 3rd period - Minor Penalty to Craig Adams for Holding.
18:51 of 3rd period - Nicklas Backstrom wins face-off versus Matt Duchene in Kings zone.
18:58 of 3rd period - Shot by Marian Gaborik.
18:58 of 3rd period - Goal by Marian Gaborik - Kings : 2 - Predators : 6.
18:58 of 3rd period - Ondrej Pavelec enters game.
18:59 of 3rd period - Colin Fraser wins face-off versus Sean Bergenheim in neutral zone.
19:14 of 3rd period - Icing by Shea Weber.
19:15 of 3rd period - Colin Fraser wins face-off versus Sergei Samsonov in Predators zone.
19:22 of 3rd period - Icing by Matt Duchene.
19:23 of 3rd period - Steven Stamkos wins face-off versus Sergei Samsonov in Kings zone.
19:24 of 3rd period - Shot by Simon Gagne.
19:24 of 3rd period - Shot Misses the Net.
19:28 of 3rd period - Shot by Patric Hornqvist.
19:28 of 3rd period - Shot Misses the Net.
19:32 of 3rd period - Shot by Simon Gagne.
19:32 of 3rd period - Stopped by Ondrej Pavelec without a rebound.
19:33 of 3rd period - Nicklas Backstrom wins face-off versus Sean Bergenheim in Kings zone.
19:36 of 3rd period - Shot by Nicklas Backstrom.
19:36 of 3rd period - Stopped by Ondrej Pavelec without a rebound.
19:37 of 3rd period - Nicklas Backstrom wins face-off versus Matt Duchene in Kings zone.
19:55 of 3rd period - Minor Penalty to Michael Del Zotto for Holding.
19:56 of 3rd period - Nicklas Backstrom wins face-off versus Craig Adams in Kings zone.
19:59 of 3rd period - Shot by Marian Gaborik.
19:59 of 3rd period - Stopped by Ondrej Pavelec without a rebound.


Output by the SimonT Hockey Simulator (STHS) for Stephane Roy -- Original Page W3C XHTML 1.0 Valid